 Dungeon Crawl Stone Soup version 0.29.1-2-gbd0b4ee654 (webtiles) character file.

Game seed: 13177239527974234835

117 xian the Ducker (level 4, -5/31 HPs)
             Began as a Demonspawn Wanderer on Nov 10, 2022.
             Killed by divine providence
             ... invoked by an orc priest
              (11 damage)
             ... on level 3 of the Dungeon.
             The game lasted 00:06:54 (1959 turns).

xian the Ducker (Demonspawn Wanderer)               Turns: 1959, Time: 00:06:54

Health: -5/31      AC:  3    Str: 12    XL:     4   Next: 71%
Magic:  6/6        EV: 14    Int: 13    God:
Gold:   158        SH:  4    Dex: 15    Spells: 4/5 levels left

rFire   . . .      SeeInvis .   a - +2 spear
rCold   . . .      Faith    .   (no shield)
rNeg    . . .      Spirit   .   d - +0 robe
rPois   .          Reflect  .   (no helmet)
rElec   .          Harm     .   (no cloak)
rCorr   .          Rampage  .   (no gloves)
Will    .....                   b - +0 pair of boots
Stlth   ++........              g - amulet of magic regeneration
HPRegen 0.10/turn               (no ring)
MPRegen 0.60/turn               (no ring)

@: no status effects
A: magic regeneration, condensation shield, demonic touch 1
a: no special abilities


You were on level 3 of the Dungeon.
You visited 1 branch of the dungeon, and saw 3 of its levels.

You collected 158 gold pieces.

Inventory:

Hand Weapons
 a - a +2 spear (weapon)
Missiles
 e - a throwing net
Armour
 b - a +0 pair of boots (worn)
 d - a +0 robe (worn)
 h - an orb of wrath
 j - a +0 chain mail
Jewellery
 g - an amulet of magic regeneration (around neck)
Wands
 o - a wand of paralysis (10)
Scrolls
 f - 2 scrolls of teleportation {unknown}
 i - a scroll of torment {unknown}
 k - 2 scrolls of identify {unknown}
 m - 2 scrolls of enchant armour {unknown}
Potions
 c - a potion of mutation {unknown}
 l - 2 potions of degeneration {unknown}
 n - a potion of might {unknown}


   Skills:
 + Level 0.4 Fighting
 + Level 3.6 Polearms
 + Level 4.5 Dodging
 + Level 0.4 Stealth
 + Level 0.1 Shields
 + Level 1.3 Spellcasting
 + Level 0.4 Conjurations
 + Level 1.9 Air Magic


You had 4 spell levels left.
You knew the following spells:

 Your Spells              Type           Power      Damage    Failure   Level
a - Shock                 Conj/Air       16%        1d4       17%         1

Your spell library contained the following spells:

 Spells                   Type           Power      Damage    Failure   Level
 Swiftness                Air            6%         N/A       36%         3


Dungeon Overview and Level Annotations

Branches:
Dungeon (3/15)

Altars:

Shops:
D:3 [

Annotations:
D:2 Sigmund


Innate Abilities, Weirdness & Mutations

You regenerate magic rapidly.
A meltable shield of frost defends you. (SH +4)
Your touch may inflict minor irresistible damage on your foes.


Message History

The orc wizard is severely wounded.
The orc wizard casts a spell at you. The puff of flame misses you.
You closely miss the orc wizard.
The orc wizard is severely wounded.
Unknown command.
You hit the orc wizard but do no damage.
The orc wizard is severely wounded.
The orc wizard completely misses you.
You barely miss the orc wizard.
You touch the orc wizard.
You kill the orc wizard!
Unknown command.
You puncture the orc!
You kill the orc!
The orc priest casts a cantrip, but nothing happens.
Unknown command.
You closely miss the orc.
The orc priest miscasts a cantrip.
The orc hits you but does no damage.
You closely miss the orc. The orc misses you.
Unknown command.
You hit the orc.
You touch the orc.
You kill the orc!
You hit the orc.
The orc is severely wounded.
The orc hits you with a +0 club.
Unknown command.
You hit the orc.
You touch the orc.
You kill the orc!
You puncture the orc priest!
The orc priest is heavily wounded.
The orc priest calls down the wrath of Beogh upon you.
Beogh smites you!
Ouch! That really hurt!
* * * LOW HITPOINT WARNING * * *
You hit the orc priest.
The orc priest is almost dead.
The orc priest calls down the wrath of Beogh upon you.
Beogh smites you!
You die...

#########
#.......##########
#.#####...o@.....#
#.# #...####.......
######.# #.....#
:#.#### .....#.#
#...#.# .# #
####.#.#####....g...#
# #..........o....##
# ######..##........
.### ..##.##.#.##
.... #


You could see an orc priest.

Vanquished Creatures
  An orc wizard (D:3)
  5 adders
  6 orcs (D:3)
  2 bats
  3 endoplasms
  2 giant cockroaches
  8 hobgoblins
  A quokka (D:1)
  2 ball pythons
  A frilled lizard (D:1)
  5 goblins
  2 kobolds (D:3)
  2 rats
40 creatures vanquished.

Notes
Turn   | Place    | Note
-------+----------+-------------------------------------------
     0 | D:1      | xian the Demonspawn Wanderer began the quest for the Orb.
     0 | D:1      | xian set off with the following items: a +2 spear, a +0
                  | pair of boots, a potion of heal wounds, a +0 robe; and the
                  | following spell memorised: Shock; and the following spells
                  | available to memorise: Swiftness.
     0 | D:1      | Reached XP level 1. HP: 13/13 MP: 2/2
   319 | D:1      | Gained mutation: A meltable shield of frost defends you.
                  | (SH +4) [demonic ancestry]
   319 | D:1      | Reached XP level 2. HP: 19/19 MP: 3/3
   364 | D:1      | Reached skill level 4 in Dodging
   531 | D:1      | Found a faded altar of an unknown god.
   977 | D:2      | Gained mutation: You regenerate magic rapidly. [demonic
                  | ancestry]
   977 | D:2      | Reached XP level 3. HP: 8/24 MP: 4/4
  1292 | D:2      | HP: 1/24 [poisoned by an adder]
  1492 | D:2      | Noticed Sigmund
  1752 | D:3      | Found Footeem's Antique Armour Shop.
  1822 | D:3      | Gained mutation: Your touch may inflict minor irresistible
                  | damage on your foes. [demonic ancestry]
  1822 | D:3      | Reached XP level 4. HP: 28/30 MP: 5/5
  1959 | D:3      | Killed from afar by an orc priest

Illustrated notes

Levels and vault maps discovered:
D:1:      lightli_arrival_quake, layout_basic, basic_ecumenical_altar
D:2:      layout_basic, minmay_tiny_reverse_x, uniq_terence, uniq_sigmund
D:3:      layout_loops_ring, serial_shops, nicolae_shop_stone,
          kennysheep_generic_room_13

Skill      XL: |  1  2  3 |
---------------+----------+-----
Dodging        | 4 |  4.5
Polearms       | 3 |  3.6
Fighting       | |  0.4
Stealth        | |  0.4
Shields        | |  0.1
Spellcasting   | |  1.3
Conjurations   | |  0.4
Air Magic      | |  1.9

Action                   |  1- 3 |  4- 6 || total
-------------------------+-------+-------++-------
Melee: Spear             |   105 |    30 ||   135
       Touch             |       |     5 ||     5
 Cast: Shock             |     6 |       ||     6
  Use: Potion            |     2 |       ||     2
 Stab: Sleeping          |     1 |       ||     1
Armor: Robe              |    17 |     6 ||    23
Dodge: Dodged            |    70 |     9 ||    79
Block: Other             |    12 |     2 ||    14
